 Dungeon Crawl Stone Soup version 0.29.1-15-g9cfb28693d (webtiles) character file.

Game seed: 12738213892098250508

163 leafyfresh the Sneak (level 5, -2/37 HPs)
             Began as an Octopode Delver on Apr 14, 2023.
             Was an Initiate of Ashenzari.
             Slain by a water moccasin (10 damage)
             ... on level 5 of the Dungeon.
             The game lasted 00:01:19 (1737 turns).

leafyfresh the Sneak (Octopode Delver)              Turns: 1737, Time: 00:01:20

Health: -2/37      AC:  1    Str: 11    XL:     5   Next: 44%
Magic:  5/5        EV: 14    Int: 14    God:    Ashenzari [......]
Gold:   67         SH:  0    Dex: 14    Spells: 4/4 levels left

rFire   . . .      SeeInvis .   a - +0 short sword
rCold   . . .      Faith    .   (no shield)
rNeg    . . .      Spirit   .   (helmet restricted)
rPois   .          Reflect  .   (no amulet)
rElec   .          Harm     .   (no ring)
rCorr   .          Rampage  .   (no ring)
Will    .....                   (no ring)
Stlth   +++++.....              (no ring)
HPRegen 0.12/turn               (no ring)
MPRegen 0.09/turn               (no ring)
                                (no ring)
                                (no ring)

@: no status effects
A: almost no armour, amphibious, 8 rings, camouflage 1, gelatinous body 1,
(nimble swimmer 1), tentacles
a: Renounce Religion


You were on level 5 of the Dungeon.
You worshipped Ashenzari.
Ashenzari was noncommittal.
You visited 2 branches of the dungeon, and saw 2 of its levels.

You collected 67 gold pieces.

Inventory:

Hand Weapons
 a - a +0 short sword (weapon)
Wands
 f - a wand of digging (3)
 h - a wand of roots (11)
Scrolls
 b - a scroll of fog
 c - a scroll of magic mapping
 d - a scroll of fear
 g - 2 scrolls of identify {unknown}
Potions
 e - a potion of haste
 i - a potion of brilliance {unknown}


   Skills:
 + Level 4.2 Fighting
 - Level 2.0 Short Blades
 + Level 3.5 Dodging
 + Level 7.9 Stealth


You had 4 spell levels left.
You didn't know any spells.
Your spell library contained the following spells:

 Spells                   Type           Power      Damage    Failure   Level
 Corpse Rot               Necr/Pois/Air  0%         N/A       96%         4
 Dispel Undead            Necr           0%         3d6       96%         4
 Death Channel            Necr           0%         N/A       100%        6


Dungeon Overview and Level Annotations

Branches:
Dungeon (5/15)             Temple (1/1) D:5

Altars:
Ashenzari
Cheibriados
Hepliaklqana
Qazlal
Ru
Trog
Xom
Yredelemnul
Zin

Annotations:
D:5 2 transporters, GasterBasher's ghost, amateur MiBe


Innate Abilities, Weirdness & Mutations

You cannot wear most types of armour.
You are amphibious.
You can wear up to eight rings at the same time.
Your skin changes colour to match your surroundings (Stealth+).
Your rubbery body absorbs attacks. (AC +1, EV +1)
((You are camouflaged when in or above water. (Stealth+)))
You have tentacles for arms and can constrict up to eight enemies at once.


Message History

Ashenzari warns you of distant threats and treasures.
Ashenzari reveals the structure of the dungeon to you.
Ashenzari shows you where magical portals lie.
There is a staircase back to the Dungeon here.
You climb upwards.
Level annotation: 2 transporters, GasterBasher's ghost, amateur MiBe
There is a staircase to the Ecumenical Temple here.
There is an open door here.
You open the door.
Found 4 stones.
No target in view!
There is an open door here.
Found a stone staircase leading up.
No target in view!
You open the door.
There is an open door here.
A water moccasin is nearby!
The water moccasin bites you!
You closely miss the water moccasin. Your grab misses the water moccasin.
Your squeeze misses the water moccasin. The water moccasin bites you.
The water moccasin barely misses you.
You hit the water moccasin. You grab the water moccasin.
You squeeze the water moccasin.
The water moccasin is moderately wounded.
You constrict the water moccasin. The water moccasin barely misses you.
You hit the water moccasin but do no damage.
The water moccasin is moderately wounded.
You constrict the water moccasin. The water moccasin bites you!
You are too injured to fight recklessly!
You are too injured to fight recklessly!
You are too injured to fight recklessly!
You are too injured to fight recklessly!
You hit the water moccasin but do no damage.
The water moccasin is moderately wounded.
You constrict the water moccasin. The water moccasin bites you!
* * * LOW HITPOINT WARNING * * *
The water moccasin bites you.
* * * LOW HITPOINT WARNING * * *
You hit the water moccasin. You squeeze the water moccasin!
The water moccasin is severely wounded.
You constrict the water moccasin. The water moccasin bites you!
You die...

###########+###+##'##............
#.......#...#######......
#.......#.........+......
########..##..##....#......
#..#####..######....##'####
#..........................
#..........................
#...................##....#
#.........@S........##.....
#############..###+##...........
#<......#####..##..##.......###.
#.......'...........#......#####
#.......#...........#.....###y#
#.(.....#...........#.....##...#
#.......#...........#.....##.#.#
+.......#...........#.....##...#
#.......#..##..##..##.....#.#.#.


You could see a water moccasin.

Vanquished Creatures
  A scorpion (D:5)
  A jelly (D:5)
  A hound (D:5)
  An iguana (D:5)
  2 adders (D:5)
6 creatures vanquished.

Notes
Turn   | Place    | Note
-------+----------+-------------------------------------------
     0 | D:5      | leafyfresh the Octopode Delver began the quest for the Orb.
     0 | D:5      | Reached XP level 1. HP: 16/16 MP: 1/1
     9 | D:5      | Noticed an iguana
     9 | D:5      | Noticed a scorpion
    17 | D:5      | Killed an iguana
    18 | D:5      | Reached skill level 7 in Stealth
    18 | D:5      | Reached XP level 2. HP: 2/21 MP: 2/2
    18 | D:5      | Reached XP level 3. HP: 3/26 MP: 3/3
   516 | D:5      | Killed a scorpion
   517 | D:5      | Reached XP level 4. HP: 8/33 MP: 4/4
  1016 | D:5      | Noticed a water moccasin
  1480 | D:5      | Found a transporter.
  1484 | D:5      | Found a transporter.
  1484 | D:5      | Noticed GasterBasher's ghost (amateur MiBe)
  1512 | D:5      | Reached XP level 5. HP: 37/37 MP: 5/5
  1638 | D:5      | Found a staircase to the Ecumenical Temple.
  1643 | Temple   | Entered the Ecumenical Temple
  1691 | Temple   | Became a worshipper of Ashenzari the Shackled
  1737 | D:5      | Slain by a water moccasin

Illustrated notes

Levels and vault maps discovered:
D:5:      layout_gridville, minmay_temple_entry_glassed_door,
          gammafunk_ghost_hive
Temple:   nicolae_temple_bog_church

Skill      XL: |  1  2  3  4 |
---------------+-------------+-----
Stealth        | 7 |  7.9
Dodging        | 3 |  3.5
Fighting       | 4 |  4.2
Short Blades   | |  2.0

Action                   |  1- 3 |  4- 6 || total
-------------------------+-------+-------++-------
Melee: Short sword       |    10 |    13 ||    23
       Tentacles         |     5 |     2 ||     7
       Constrict         |     2 |     1 ||     3
       Punch             |       |     1 ||     1
 Stab: Sleeping          |       |     3 ||     3
Dodge: Dodged            |     6 |     8 ||    14
